 Dungeon Crawl Stone Soup version 0.30.2 (webtiles) character file.

Game seed: 6929859662153515140

40 porpoise the Shooter (level 3, -6/28 HPs)
             Began as a Human Hunter on Feb 1, 2024.
             Killed from afar by Sigmund (10 damage)
             ... with a puff of flame
             ... on level 2 of the Dungeon.
             The game lasted 00:02:33 (1020 turns).

porpoise the Shooter (Human Hunter)                 Turns: 1020, Time: 00:02:34

Health: -6/28      AC:  3    Str: 11    XL:     3   Next: 72%
Magic:  3/3        EV: 12    Int:  9    God:
Gold:   87         SH:  0    Dex: 18    Spells: 2/2 levels left

rFire   . . .        a - +0 shortbow
rCold   . . .        (shield currently unavailable)
rNeg    . . .        c - +0 leather armour
rPois   .            (no helmet)
rElec   .            (no cloak)
rCorr   .            (no gloves)
SInv    .            (no boots)
Will    .....        (no amulet)
Stlth   +            (no ring)
HPRegen 0.24/turn    (no ring)
MPRegen 0.08/turn

%: no passive effects
@: confused
A: no striking features
a: no special abilities


You were on level 2 of the Dungeon.
You visited 1 branch of the dungeon, and saw 2 of its levels.

You collected 87 gold pieces.

Inventory:

Hand Weapons
 a - a +0 shortbow (weapon)
Missiles
 i - 4 poisoned darts
Armour
 c - a +0 leather armour (worn)
Scrolls
 b - a scroll of immolation
 d - 3 scrolls of identify {unknown}
 e - a scroll of poison {unknown}
 f - a scroll of magic mapping {unknown}
 g - a scroll of enchant armour {unknown}
Potions
 h - a potion of heal wounds {unknown}
 j - a potion of flight {unknown}


   Skills:
 + Level 2.6 Fighting
 * Level 4.8 Ranged Weapons
 - Level 2.0 Dodging
 - Level 1.0 Stealth


You had 2 spell levels left.
You didn't know any spells.
Your spell library contained the following spells:

 Spells                   Type           Power      Damage    Failure   Level
 Sting                    Tmut/Pois      0%         1d3       47%         1
 Poisonous Vapours        Pois/Air       0%         N/A       63%         2
 Olgreb's Toxic Radiance  Pois           0%         N/A       99%         4


Dungeon Overview and Level Annotations

Branches:
Dungeon (2/15)

Altars:

Shops:
D:1 (

Annotations:
D:2 Sigmund


Message History

Sigmund flickers and vanishes!
Deactivating autopickup; reactivate with Ctrl-A.
No target in view!
No target in view!
No target in view!
No target in view!
Fire: a) +0 shortbow
Press: ? - help, Q - select action, (/) - cycle Shift-Dir - straight line You shoot an arrow.
Something hits you.
Fire: a) +0 shortbow
Press: ? - help, Q - select action, (/) - cycle Shift-Dir - straight line You shoot an arrow.
Something hits you.
Fire: a) +0 shortbow
Press: ? - help, Q - select action, (/) - cycle Shift-Dir - straight line You shoot an arrow.
Something hits you.
Fire: a) +0 shortbow
Press: ? - help, Q - select action, (/) - cycle Shift-Dir - straight line You shoot an arrow.
Something hits you.
Fire: a) +0 shortbow
Press: ? - help, Q - select action, (/) - cycle Shift-Dir - straight line You shoot an arrow.
You hear some strange, mumbled words.
You are confused.
Non-targeted confused fire: a) +0 shortbow
Press: ? - help, Q - select action, (/) - cycle Dir - look around, f - activate You shoot an arrow.
Something hits you!
Non-targeted confused fire: a) +0 shortbow
Press: ? - help, Q - select action, (/) - cycle Dir - look around, f - activate You shoot an arrow.
Something hits you!
* * * LOW HITPOINT WARNING * * *
You bump into the rock wall.
A puff of flame appears from out of thin air!
The puff of flame hits you!
You die...

#.##........####
#.##.##...###
#.##.##.....#
#.##.###....###
#.##.##.......#
#{##.##.......#
#(##.##.......#
#.##.##.....###
#@##.##.#...#
#....<..#####
#..#.#...#
#............
##.#.#...####
#......##
###.##.# #.##.#
#.##.#


There were no monsters in sight!

Vanquished Creatures
  An adder (D:2)
  3 bats
  2 endoplasms (D:2)
  2 goblins
  3 hobgoblins (D:1)
  4 jackals (D:1)
  A quokka (D:1)
  5 ball pythons (D:1)
  2 frilled lizards (D:1)
  4 kobolds
  A rat (D:1)
28 creatures vanquished.

Notes
Turn   | Place    | Note
-------+----------+-------------------------------------------
     0 | D:1      | porpoise the Human Hunter began the quest for the Orb.
     0 | D:1      | Reached XP level 1. HP: 16/16 MP: 1/1
   146 | D:1      | Reached XP level 2. HP: 22/22 MP: 2/2
   201 | D:1      | Found Igeg's Antique Weapon Shop.
   446 | D:1      | Reached XP level 3. HP: 28/28 MP: 3/3
   536 | D:1      | Found a faded altar of an unknown god.
  1000 | D:2      | Noticed Sigmund
  1020 | D:2      | Killed from afar by Sigmund

Illustrated notes

Levels and vault maps discovered:
D:1:      dpeg_arrival_chambers_temple_mockup, layout_basic, serial_shops, shop,
          shapermc_ecumenical_altar_ellora
D:2:      layout_loops_ring, uniq_sigmund

Action                     || total
---------------------------++-------
   Fire: Shortbow          ||    89
 Armour: Leather armour    ||    11
  Dodge: Dodged            ||    39
